 Dungeon Crawl Stone Soup version 0.18-a0-1390-gc02854d (webtiles) character file.

128 Duffy the Chopper (level 5, -6/45 HPs)
             Began as a Naga Gladiator on Feb 22, 2016.
             Killed from afar by an orc wizard (7 damage)
             ... with a magic dart
             ... on level 2 of the Dungeon.
             The game lasted 00:04:04 (2763 turns).

Duffy the Chopper (Naga Gladiator)                  Turns: 2763, Time: 00:04:04

Health: -6/45      AC:  4    Str: 18    XL:     5   Next: 11%
Magic:  7/7        EV: 10    Int:  8    God:
Gold:   192        SH:  0    Dex: 12    Spells: 0 memorised, 4 levels left

rFire  . . .     SeeInvis +     a - +0 war axe
rCold  . . .     Gourm    .     b - +0 leather armour
rNeg   . . .     Faith    .     (no shield)
rPois  +         Spirit   .     c - +0 helmet
rElec  .         Dismiss  .     (no cloak)
rCorr  .         Reflect  .     (no gloves)
SustAt .         Harm     .     (no barding)
MR     .....                    e - amulet of rage
Stlth  +.........               (no ring)
                                (no ring)

@: very slow, not resistant to hostile enchantments, very unstealthy
A: see invisible, deformed body, poison resistance, slowness 2, slow metabolism
1, spit poison 2, AC +1
a: Spit Poison, Evoke Berserk Rage


You were on level 2 of the Dungeon.
You were near starving.

You visited 1 branch of the dungeon, and saw 3 of its levels.

You collected 192 gold pieces.


Innate Abilities, Weirdness & Mutations

You cannot wear boots.
Your serpentine skin is tough (AC +1).
You have supernaturally acute eyesight.
Armour fits poorly on your strangely shaped body.
Your system is resistant to poisons.
You cover ground very slowly.
You have a slow metabolism.
You can spit poison.


   Skills:
 - Level 2.0 Fighting
 + Level 4.5 Axes
 - Level 1.7 Throwing
 - Level 2.4 Dodging
 + Level 3.0 Evocations


You had 4 spell levels left.
You didn't know any spells.

Inventory:

Hand Weapons
 a - a +0 war axe (weapon)
Missiles
 d - 3 throwing nets (quivered)
 j - 3 tomahawks
 o - 10 poisoned needles
Armour
 b - a +0 leather armour (worn)
 c - a +0 helmet (worn)
Jewellery
 e - an amulet of rage (around neck)
Scrolls
 g - a scroll of magic mapping {unknown}
 h - 2 scrolls of identify {unknown}
 i - 2 scrolls of enchant armour {unknown}
 r - a scroll of remove curse {unknown}
Potions
 k - a potion of curing {unknown}
 l - a potion of degeneration {unknown}
 m - a potion of agility {unknown}
 n - a potion of flight {unknown}
 q - 2 potions of lignification {unknown}
Comestibles
 f - 2 bread rations
 p - a beef jerky

Dungeon Overview and Level Annotations

Branches:
Dungeon (3/15)

Altars:


Message History

The orc wizard is severely wounded.
The orc wizard gestures at you while chanting.
You resist with some effort.
The orc wizard hits you but does no damage.
You barely miss the orc wizard.
The orc wizard is severely wounded.
The orc wizard gestures at you while chanting.
The puff of flame hits you!
You are too injured to fight recklessly!
Press: ? - help, Shift-Dir - straight line, f/p - orc wizard
Aim: an orc wizard, wielding a dagger and wearing a robe (severely wounded)
The splash of poison hits the orc wizard.
The orc wizard is poisoned.
The orc wizard is almost dead.
You feel slightly more hungry.
The orc wizard casts a spell.
The orc wizard flickers and vanishes for a moment.
You barely miss the orc wizard.
The orc wizard is almost dead.
The orc wizard hits you but does no damage.
You barely miss the orc wizard.
The orc wizard is almost dead.
You have got your breath back.
The orc wizard points at you and mumbles some strange words.
The puff of flame hits you!
You barely miss the orc wizard.
The orc wizard is almost dead.
The orc wizard hits you with a dagger.
The orc wizard gestures at you while chanting.
The puff of flame hits you!
You completely miss the orc wizard.
The orc wizard is almost dead.
The orc wizard casts a spell at you. The magic dart hits you!
You die...

# #.# ##.##..##........######
#######.####..#..##........#
..........###.#..##........#
#######.#.###.....#........#
............##.#..######'###
#####.#...........# #.# ####
#.#...#####...# ####.# #...
##.#...#####...# #.##.#####...
#............@.###.##.#.......
#..#........).o...............
#..#...#................#.###+
#..#....##............##..# #.
#.......#.#......)...#.#..# #.
####.###....#.##......##.#...# #.
.............##.#...%#.##....###.
####.####....#.#.#..#.#.#........
.....# #.....#.##..##.#......#..


You could see an orc wizard (invisible).

Action                   |  1- 3 |  4- 6 || total
-------------------------+-------+-------++-------
Melee: War axe           |   108 |    44 ||   152
 Abil: Spit Poison       |    18 |     9 ||    27
       Evoke Berserk Rag |       |     1 ||     1
  Eat: Chunk             |     3 |     2 ||     5

Notes
Turn   | Place    | Note
--------------------------------------------------------------
     0 | D:1      | Duffy the Naga Gladiator began the quest for the Orb.
     0 | D:1      | Reached XP level 1. HP: 19/19 MP: 1/1
   392 | D:1      | Reached XP level 2. HP: 23/26 MP: 2/2
   492 | D:1      | Reached skill level 1 in Evocations
   999 | D:1      | Reached XP level 3. HP: 28/32 MP: 4/4
  1686 | D:2      | Reached skill level 4 in Axes
  1686 | D:2      | Reached skill level 2 in Evocations
  1709 | D:2      | Reached XP level 4. HP: 36/39 MP: 5/5
  2571 | D:2      | Reached skill level 3 in Evocations
  2571 | D:2      | Reached XP level 5. HP: 30/45 MP: 5/7
  2763 | D:2      | Killed from afar by an orc wizard

Vault maps used:
D:1:      evilmike_arrival_rings
D:2:      grunt_decor_fettered, minmay_misc_feat_secret_circle
D:3:      first_bread, minmay_misc_feat_square, nemelex_deck

Vanquished Creatures
  A scorpion
  An adder
  4 dart slugs
  2 giant geckos
  An orc
  4 giant cockroaches
  4 goblins
  7 hobgoblins
  2 jackals
  6 kobolds
  A quokka
  2 ball pythons
  14 bats
  2 giant newts
  5 rats
56 creatures vanquished.
